 Dungeon Crawl Stone Soup version 0.22-a0-803-gd6d8abeff0 (webtiles) character file.

72 Holzbalken the Twirler (level 4, -2/33 HPs)
             Began as a Demonspawn Gladiator on July 22, 2018.
             Slain by a killer bee (7 damage)
             ... on level 2 of the Dungeon.
             The game lasted 00:02:40 (803 turns).

Holzbalken the Twirler (Demonspawn Gladiator)        Turns: 803, Time: 00:02:40

Health: -2/33      AC:  3    Str: 16    XL:     4   Next: 6%
Magic:  4/4        EV: 12    Int:  9    God:
Gold:   35         SH:  0    Dex: 14    Spells: 3/3 levels left

rFire    . . .     SeeInvis .   a - +0 quarterstaff
rCold    . . .     Gourm    .   (shield currently unavailable)
rNeg     . . .     Faith    .   b - +0 leather armour
rPois    .         Spirit   .   (helmet restricted)
rElec    .         Reflect  .   (no cloak)
rCorr    .         Harm     .   (no gloves)
MR       .....                  (no boots)
Stlth    ++........             m - amulet of regeneration
HPRegen  0.51/turn              (no ring)
MPRegen  0.09/turn              (no ring)

@: lethally poisoned (-2 -> -3)
A: antennae 2, nightstalker 1
a: no special abilities


You were on level 2 of the Dungeon.
You were not hungry.

You visited 1 branch of the dungeon, and saw 2 of its levels.

You collected 35 gold pieces.

Inventory:

Hand Weapons
 a - a +0 quarterstaff (weapon)
Missiles
 d - 3 throwing nets (quivered)
Armour
 b - a +0 leather armour (worn)
 c - a +0 helmet
Jewellery
 m - an amulet of regeneration (around neck)
Scrolls
 e - 2 scrolls of teleportation {unknown}
 g - a scroll of fog {unknown}
 h - a scroll of noise {unknown}
 k - a scroll of enchant weapon {unknown}
 o - a scroll of remove curse {unknown}
Potions
 i - a potion of brilliance {unknown}
 j - a potion of might {unknown}
 l - 2 potions of resistance {unknown}
 n - a potion of flight {unknown}
Comestibles
 f - a ration


   Skills:
 - Level 2.0 Fighting
 + Level 4.5 Staves
 - Level 1.7 Throwing
 - Level 2.7 Dodging


You had 3 spell levels left.
You didn't know any spells.
Your spell library was empty.

Dungeon Overview and Level Annotations

Branches:
Dungeon (2/15)

Altars:


Innate Abilities, Weirdness & Mutations

You have a pair of antennae on your head.
You are slightly more attuned to the shadows.


Message History

You are poisoned.
The killer bee poisons you! The killer bee closely misses you.
You sock the killer bee!
The killer bee is heavily wounded.
You feel sick. The killer bee misses you. The killer bee stings you.
The killer bee stings you!
* * * LOW HITPOINT WARNING * * *
You thump the killer bee!
You kill the killer bee!
Your Staves skill increases to level 4!
You have reached level 3!
Your experience leads to an increase in your attributes!
Increase (S)trength, (I)ntelligence, or (D)exterity?
You feel stronger.
Your demonic ancestry asserts itself...
You slip into the darkness of the dungeon.
You have reached level 4!
You feel stronger.
Your demonic ancestry asserts itself...
The antennae on your head grow some more.
The killer bee stings you!
You die...

.......#
#......#
#......#
......#
l.... .y.
#'#
#l##########
#y.yy@....<#
############


You could see 3 killer bees and a leopard gecko.

Vanquished Creatures
  A killer bee (D:2)
  A dart slug (D:1)
  2 giant cockroaches (D:1)
  3 goblins (D:1)
  2 hobgoblins (D:1)
  4 jackals (D:1)
  2 kobolds (D:1)
  3 bats (D:1)
  3 frilled lizards (D:1)
  2 rats (D:1)
23 creatures vanquished.

Notes
Turn   | Place    | Note
-------+----------+-------------------------------------------
     0 | D:1      | Holzbalken the Demonspawn Gladiator began the quest for the Orb.
     0 | D:1      | Reached XP level 1. HP: 16/16 MP: 1/1
    44 | D:1      | Reached skill level 3 in Staves
   190 | D:1      | Gained mutation: You have a pair of small antennae on your head. [demonic ancestry]
   190 | D:1      | Reached XP level 2. HP: 21/22 MP: 2/2
   795 | D:2      | Noticed a killer bee
   795 | D:2      | Noticed a killer bee
   795 | D:2      | Noticed a killer bee
   795 | D:2      | Noticed a killer bee
   803 | D:2      | Killed a killer bee
   803 | D:2      | Reached skill level 4 in Staves
   803 | D:2      | Gained mutation: You are slightly more attuned to the shadows. [demonic ancestry]
   803 | D:2      | Reached XP level 3. HP: 3/27 MP: 3/3
   803 | D:2      | Gained mutation: You have a pair of antennae on your head. [demonic ancestry]
   803 | D:2      | Reached XP level 4. HP: 4/33 MP: 4/4
   803 | D:2      | Slain by a killer bee

Vault maps used:
D:1:      matt_arrival_spirals

Skill      XL: |  1  2 |
---------------+-------+-----
Staves         | 3 4 |  4.5
Fighting       | |  2.0
Throwing       | |  1.7
Dodging        | |  2.7

Action                   |  1- 3 |  4- 6 || total
-------------------------+-------+-------++-------
Melee: Quarterstaff      |    51 |       ||    51
 Stab: Sleeping          |     2 |       ||     2
Armor: Leather armour    |    22 |       ||    22
Dodge: Dodged            |    29 |       ||    29

Table legend:
 A = Spawn XP
 B = Non-spawn XP
 C = Spawn XP percentage of total XP
 D = Spawn monster count
 E = Non-spawn monster count
 F = Spawn count percentage of total count
 G = Total turns spent on level
                    A         B        C        D         E        F      G
               +---------+---------+-------+---------+---------+-------+---------
         Total |       0 |     103 |   0.0 |       0 |      23 |   0.0 |   803
               +---------+---------+-------+---------+---------+-------+---------
           D:1 |       0 |      40 |   0.0 |       0 |      22 |   0.0 |   785
           D:2 |       0 |      63 |   0.0 |       0 |       1 |   0.0 |    18
               +---------+---------+-------+---------+---------+-------+---------
